PAA
MERCER ISLAND SCREAMING EAGLES @ AKRON BLIMPS
05/07/2042
 
TOP OF THE 1ST
Mercer Island Screaming Eagles batting - Pitching for Akron Blimps : RHP Rob Butler
Pitching: RHP Rob Butler
Batting: SHB Rob Murdoch 0-0: Ball
1-0: Foul Ball, location: 2F
1-1: Ball
2-1: Called Strike
2-2: Ball
3-2: Foul Ball, location: 2F
3-2: Foul Ball, location: 2F
3-2: Foul Ball, location: 2F
3-2: Fly out, F8 (Line Drive, 8LD, EV 87.5 MPH)
Batting: RHB Thiago Yepes 0-0: Called Strike
0-1: Ball
1-1: Ball
2-1: Swinging Strike
2-2: Ball
3-2: Fly out, F7 (Flyball, 7LS, EV 71.9 MPH)
Batting: RHB Yoshiki Shimizu 0-0: Ball
1-0: SINGLE (Groundball, 6MD, EV 100.0 MPH)
Batting: RHB Dídac Nores 0-0: Ball
1-0: DOUBLE (Line Drive, 89D, EV 100.6 MPH)
Yoshiki Shimizu to third
Batting: LHB Brian Drake 0-0: Called Strike
0-1: Swinging Strike
0-2: Strikes out swinging
Top of the 1st over - 0 runs, 2 hits, 0 errors, 2 left on base; Mercer Island 0 - Akron 0
BOTTOM OF THE 1ST
Akron Blimps batting - Pitching for Mercer Island Screaming Eagles : RHP Jason Miller
Pitching: RHP Jason Miller
Batting: RHB Matthew Hunt 0-0: Ball
1-0: Ball
2-0: Foul Ball, location: 2F
2-1: Ball
3-1: Fly out, F7 (Flyball, 7S, EV 88.8 MPH)
Batting: RHB Alohinani Puanani 0-0: Foul Ball, location: 2F
0-1: Ball
1-1: Foul Ball, location: 2F
1-2: Foul Ball, location: 2F
1-2: Foul Ball, location: 2F
1-2: Fly out, F7 (Flyball, 7, EV 90.6 MPH)
Batting: LHB Numberto Pencíl 0-0: Ball
1-0: Called Strike
1-1: Foul Ball, location: 2F
1-2: Foul Ball, location: 2F
1-2: Foul Ball, location: 2F
1-2: Ball
2-2: Strikes out swinging
Bottom of the 1st over - 0 runs, 0 hits, 0 errors, 0 left on base; Mercer Island 0 - Akron 0
TOP OF THE 2ND
Mercer Island Screaming Eagles batting - Pitching for Akron Blimps : RHP Rob Butler
Batting: RHB Dima Tabakaev 0-0: Ball
1-0: Swinging Strike
1-1: Called Strike
1-2: Ball
2-2: Ball
3-2: Strikes out swinging
Batting: LHB Domingo Ramos 0-0: Ball
1-0: Swinging Strike
1-1: Fly out, F7 (Line Drive, 7S, EV 88.8 MPH)
Batting: RHB Juan Lugo 0-0: Ball
1-0: Ball
2-0: Called Strike
2-1: Called Strike
2-2: Strikes out swinging
Top of the 2nd over - 0 runs, 0 hits, 0 errors, 0 left on base; Mercer Island 0 - Akron 0
BOTTOM OF THE 2ND
Akron Blimps batting - Pitching for Mercer Island Screaming Eagles : RHP Jason Miller
Batting: RHB Charlie Cummings 0-0: Called Strike
0-1: Fly out, F8 (Line Drive, 8LD, EV 105.0 MPH)
Batting: LHB Pedro Durán 0-0: Called Strike
0-1: Ball
1-1: Ball
2-1: Foul Ball, location: 2F
2-2: Strikes out swinging, 2-3 out at first.
Batting: RHB Ju-ho Ko 0-0: Called Strike
0-1: Ball
1-1: Called Strike
1-2: Strikes out swinging
Bottom of the 2nd over - 0 runs, 0 hits, 0 errors, 0 left on base; Mercer Island 0 - Akron 0
TOP OF THE 3RD
Mercer Island Screaming Eagles batting - Pitching for Akron Blimps : RHP Rob Butler
Batting: RHB Hugues Bellot 0-0: Called Strike
0-1: Ground out 6-3 (Groundball, 6, EV 83.1 MPH)
Batting: SHB Rob Murdoch 0-0: Ground out 5-3 (Groundball, 5S, EV 88.8 MPH)
Batting: RHB Thiago Yepes 0-0: SINGLE (Line Drive, 6D, EV 93.8 MPH)
Batting: RHB Yoshiki Shimizu 0-0: Fielders Choice at 2nd, 6-4 (Groundball, 6, EV 108.1 MPH)
Top of the 3rd over - 0 runs, 1 hit, 0 errors, 1 left on base; Mercer Island 0 - Akron 0
BOTTOM OF THE 3RD
Akron Blimps batting - Pitching for Mercer Island Screaming Eagles : RHP Jason Miller
Batting: LHB Mike Fisher 0-0: Foul Ball, location: 2F
0-1: Ground out 1-3 (Groundball, P, EV 73.8 MPH)
Batting: SHB Salvador Berrocal 0-0: Foul Ball, location: 2F
0-1: Ball
1-1: Fly out, F8 (Line Drive, 8LM, EV 90.0 MPH)
Batting: RHB Roberto Méndez 0-0: Swinging Strike
0-1: Ball
1-1: SINGLE (Groundball, 34D, EV 103.8 MPH)
Batting: RHB Matthew Hunt 0-0: SINGLE (Line Drive, 78S, EV 93.8 MPH)
Roberto Méndez to second
Batting: RHB Alohinani Puanani 0-0: Foul Ball, location: 2F
0-1: Foul Ball, location: 2F
0-2: Ball
1-2: Ball
2-2: Ball
3-2: DOUBLE (Flyball, 89XD, EV 101.2 MPH)
Roberto Méndez scores
Matthew Hunt to third
Matthew Hunt scores
Batting: LHB Numberto Pencíl 0-0: Called Strike
0-1: Foul Ball, location: 2F
0-2: Foul Ball, location: 2F
0-2: Foul Ball, location: 2F
0-2: Strikes out swinging
Bottom of the 3rd over - 2 runs, 3 hits, 0 errors, 1 left on base; Mercer Island 0 - Akron 2
TOP OF THE 4TH
Mercer Island Screaming Eagles batting - Pitching for Akron Blimps : RHP Rob Butler
Batting: RHB Dídac Nores 0-0: Called Strike
0-1: SINGLE (Groundball, 6MD, EV 101.9 MPH)
Batting: LHB Brian Drake 0-0: DOUBLE (Groundball, 3L, EV 102.5 MPH)
Dídac Nores to third
Batting: RHB Dima Tabakaev 0-0: Fly out, F8 (Flyball, 8LS, EV 91.9 MPH)
Batting: LHB Domingo Ramos 0-0: Ball
1-0: Ball
2-0: Foul Ball, location: 2F
2-1: Ball
3-1: Base on Balls
Batting: RHB Juan Lugo 0-0: Called Strike
0-1: Ball
1-1: Ball
2-1: Grounds into double play, 5-4-3 (Groundball, 56, EV 101.2 MPH)
Top of the 4th over - 0 runs, 2 hits, 0 errors, 2 left on base; Mercer Island 0 - Akron 2
BOTTOM OF THE 4TH
Akron Blimps batting - Pitching for Mercer Island Screaming Eagles : RHP Jason Miller
Batting: RHB Charlie Cummings 0-0: Foul Ball, location: 2F
0-1: Fly out, F7 (Flyball, 7, EV 89.4 MPH)
Batting: LHB Pedro Durán 0-0: Called Strike
0-1: Ball
1-1: Ball
2-1: Ground out 4-3 (Groundball, 4, EV 104.4 MPH)
Batting: RHB Ju-ho Ko 0-0: Ball
1-0: Foul Ball, location: 2F
1-1: Ball
2-1: Ball
3-1: Called Strike
3-2: Fly out, F4 (Popup, 4M, EV 71.9 MPH)
Bottom of the 4th over - 0 runs, 0 hits, 0 errors, 0 left on base; Mercer Island 0 - Akron 2
TOP OF THE 5TH
Mercer Island Screaming Eagles batting - Pitching for Akron Blimps : RHP Rob Butler
Batting: RHB Hugues Bellot 0-0: Foul Ball, location: 2F
0-1: Ball
1-1: SINGLE (Groundball, 6MD, EV 105.6 MPH)
Batting: SHB Rob Murdoch 0-0: Sac Bunt to 23 - play at first, batter OUT! 3-4
Hugues Bellot to second
Batting: RHB Thiago Yepes 0-0: Called Strike
0-1: Called Strike
0-2: Strikes out swinging
Batting: RHB Yoshiki Shimizu 0-0: Called Strike
0-1: Called Strike
0-2: Foul Ball, location: 2F
0-2: Ground out 5-3 (Groundball, 56, EV 81.9 MPH)
Top of the 5th over - 0 runs, 1 hit, 0 errors, 1 left on base; Mercer Island 0 - Akron 2
BOTTOM OF THE 5TH
Akron Blimps batting - Pitching for Mercer Island Screaming Eagles : RHP Jason Miller
Batting: LHB Mike Fisher 0-0: DOUBLE (Line Drive, 9LS, EV 95.0 MPH)
Batting: SHB Salvador Berrocal 0-0: DOUBLE (Flyball, 8RXD, EV 109.4 MPH)
Mike Fisher scores
Batting: RHB Roberto Méndez 0-0: Called Strike
0-1: Foul Ball, location: 2F
0-2: Foul Ball, location: 2F
0-2: SINGLE (Groundball, 34D, EV 99.4 MPH)
Salvador Berrocal to third
Batting: RHB Matthew Hunt 0-0: Foul Ball, location: 2F
0-1: Foul Ball, location: 2F
0-2: Ball
1-2: Fielders Choice at 2nd, 1-6 (Groundball, 13S, EV 70.0 MPH)
Batting: RHB Alohinani Puanani 0-0: Ball
1-0: Ball
2-0: Foul Ball, location: 2F
2-1: Foul Ball, location: 2F
2-2: Foul Ball, location: 2F
2-2: Foul Ball, location: 2F
2-2: Ball
3-2: Foul Ball, location: 2F
3-2: DOUBLE (Flyball, 78D, EV 105.0 MPH)
Salvador Berrocal scores
Matthew Hunt to third
Batting: LHB Numberto Pencíl 0-0: Called Strike
0-1: Foul Ball, location: 2F
0-2: Ball
1-2: Strikes out swinging
Batting: RHB Charlie Cummings 0-0: Ball
1-0: Called Strike
1-1: Ball
2-1: Foul Ball, location: 2F
2-2: Strikes out swinging
Bottom of the 5th over - 2 runs, 4 hits, 0 errors, 2 left on base; Mercer Island 0 - Akron 4
TOP OF THE 6TH
Mercer Island Screaming Eagles batting - Pitching for Akron Blimps : RHP Rob Butler
Batting: RHB Dídac Nores 0-0: Ball
1-0: Ball
2-0: Called Strike
2-1: Called Strike
2-2: Ball
3-2: Foul Ball, location: 2F
3-2: Foul Ball, location: 2F
3-2: Strikes out swinging
Batting: LHB Brian Drake 0-0: Ball
1-0: Called Strike
1-1: Foul Ball, location: 2F
1-2: Ground out U3 (Groundball, 3L, EV 86.2 MPH)
Batting: RHB Dima Tabakaev 0-0: Ball
1-0: Called Strike
1-1: Foul Ball, location: 2F
1-2: Strikes out swinging
Top of the 6th over - 0 runs, 0 hits, 0 errors, 0 left on base; Mercer Island 0 - Akron 4
BOTTOM OF THE 6TH
Akron Blimps batting - Pitching for Mercer Island Screaming Eagles : RHP Jason Miller
Batting: LHB Pedro Durán 0-0: Fly out, F8 (Flyball, 8LM, EV 89.4 MPH)
Batting: RHB Ju-ho Ko 0-0: Called Strike
0-1: Called Strike
0-2: Strikes out swinging
Batting: LHB Mike Fisher 0-0: Ball
1-0: Ball
2-0: Ball
3-0: Called Strike
3-1: Base on Balls
Batting: SHB Salvador Berrocal 0-0: Fielders Choice at 2nd, 5-4 (Groundball, 56, EV 102.5 MPH)
Bottom of the 6th over - 0 runs, 0 hits, 0 errors, 1 left on base; Mercer Island 0 - Akron 4
TOP OF THE 7TH
Mercer Island Screaming Eagles batting - Pitching for Akron Blimps : RHP Rob Butler
Now at 1B: José Sánchez
Batting: LHB Domingo Ramos 0-0: Called Strike
0-1: Ball
1-1: Swinging Strike
1-2: Strikes out swinging
Batting: RHB Juan Lugo 0-0: Ball
1-0: Ball
2-0: Ball
3-0: Base on Balls
Batting: RHB Hugues Bellot 0-0: Ball
1-0: Called Strike
1-1: Called Strike
1-2: Ball
Juan Lugo steals 2nd base
2-2: Foul Ball, location: 2F
2-2: Ball
3-2: Strikes out swinging
Batting: SHB Rob Murdoch 0-0: Called Strike
0-1: Foul Ball, location: 2F
0-2: Ball
1-2: Foul Ball, location: 2F
1-2: Ground out U3 (Groundball, 3S, EV 86.2 MPH)
Top of the 7th over - 0 runs, 0 hits, 0 errors, 1 left on base; Mercer Island 0 - Akron 4
BOTTOM OF THE 7TH
Akron Blimps batting - Pitching for Mercer Island Screaming Eagles : RHP Jason Miller
Batting: RHB Roberto Méndez 0-0: Fly out, F9 (Flyball, 9LMF, EV 100.0 MPH)
Batting: RHB Matthew Hunt 0-0: Ground out 4-3 (Groundball, 4, EV 87.5 MPH)
Batting: RHB Alohinani Puanani 0-0: Called Strike
0-1: Ball
1-1: Swinging Strike
1-2: Foul Ball, location: 2F
1-2: Strikes out swinging
Bottom of the 7th over - 0 runs, 0 hits, 0 errors, 0 left on base; Mercer Island 0 - Akron 4
TOP OF THE 8TH
Mercer Island Screaming Eagles batting - Pitching for Akron Blimps : RHP Rob Butler
Pitching: LHP Ramón Sánchez
Batting: RHB Thiago Yepes 0-0: Called Strike
0-1: Called Strike
0-2: Strikes out swinging
Batting: RHB Yoshiki Shimizu 0-0: Called Strike
0-1: Ball
1-1: Ball
2-1: Ground out 6-3 (Groundball, 6M, EV 91.9 MPH)
Batting: RHB Dídac Nores 0-0: Ground out 6-3 (Groundball, 6, EV 102.5 MPH)
Top of the 8th over - 0 runs, 0 hits, 0 errors, 0 left on base; Mercer Island 0 - Akron 4
BOTTOM OF THE 8TH
Akron Blimps batting - Pitching for Mercer Island Screaming Eagles : RHP Jason Miller
Pitching: RHP Mike Barraza
Batting: LHB Numberto Pencíl 0-0: Called Strike
0-1: Ball
1-1: Foul Ball, location: 2F
1-2: Ball
2-2: Foul Ball, location: 2F
2-2: Ground out 4-3 (Groundball, 34D, EV 108.1 MPH)
Batting: RHB Charlie Cummings 0-0: Ball
1-0: Ball
2-0: Ball
3-0: Called Strike
3-1: Base on Balls
Batting: LHB Pedro Durán 0-0: Ball
1-0: Ball
2-0: Called Strike
2-1: SINGLE (Groundball, 4D, EV 110.0 MPH)
Charlie Cummings to second
Runner from 2nd tries for 3rd, SAFE, no throw by CF
Batting: RHB Ju-ho Ko 0-0: Called Strike
Pedro Durán steals 2nd base
0-1: Swinging Strike
0-2: Ball
1-2: Foul Ball, location: 2F
1-2: Ball
2-2: Ball
3-2: Foul Ball, location: 2F
3-2: Fly out, F8 (Flyball, 89D, EV 97.5 MPH)
Runner from 3rd tags up, SCORES, throw by CF
Batting: RHB José Sánchez 0-0: SINGLE (Groundball, 56D, EV 94.4 MPH)
Pedro Durán to third
Runner from 3rd tries for Home, SAFE, throw by LF to home
Batting: SHB Salvador Berrocal 0-0: Ball
1-0: Swinging Strike
1-1: Ball
2-1: Foul Ball, location: 2F
2-2: Strikes out swinging
Bottom of the 8th over - 2 runs, 2 hits, 0 errors, 1 left on base; Mercer Island 0 - Akron 6
TOP OF THE 9TH
Mercer Island Screaming Eagles batting - Pitching for Akron Blimps : LHP Ramón Sánchez
Batting: LHB Brian Drake 0-0: Ball
1-0: Foul Ball, location: 2F
1-1: Foul Ball, location: 2F
1-2: Strikes out swinging
Batting: RHB Dima Tabakaev 0-0: Swinging Strike
0-1: Called Strike
0-2: Strikes out looking
Batting: LHB Domingo Ramos 0-0: Foul Ball, location: 2F
0-1: Fly out, F7 (Flyball, 78D, EV 102.5 MPH)
Top of the 9th over - 0 runs, 0 hits, 0 errors, 0 left on base; Mercer Island 0 - Akron 6
Friday, March 26th, 2021 - OOTP Baseball 20.8 Build 74